 Dungeon Crawl Stone Soup version 0.30.1-11-g7821555f0a (webtiles) character file.

Game seed: 6619595329519789557

5 Peloso the Covered (level 1, -1/20 HPs)
             Began as a Minotaur Fighter on Nov 8, 2023.
             Slain by a hobgoblin (3 damage)
             ... on level 1 of the Dungeon.
             The game lasted 00:00:15 (245 turns).

Peloso the Covered (Minotaur Fighter)                Turns: 245, Time: 00:00:16

Health: -1/20      AC:  7    Str: 20    XL:     1   Next: 66%
Magic:  0/0        EV:  9    Int:  5    God:
Gold:   9          SH:  4    Dex:  9    Spells: 0/0 levels left

rFire   . . .        a - +0 long sword
rCold   . . .        c - +0 buckler
rNeg    . . .        b - +0 scale mail
rPois   .            (helmet restricted)
rElec   .            (no cloak)
rCorr   .            (no gloves)
SInv    .            (no boots)
Will    .....        (no amulet) Stlth
                     (no ring)
HPRegen 0.23/turn    (no ring)
MPRegen 0.07/turn

%: no passive effects
@: no status effects
A: horns 2, retaliatory headbutt
a: no special abilities


You were on level 1 of the Dungeon.
You visited 1 branch of the dungeon, and saw 1 of its levels.

You collected 9 gold pieces.

Inventory:

Hand Weapons
 a - a +0 long sword (weapon)
Armour
 b - a +0 scale mail (worn)
 c - a +0 buckler (worn)
Scrolls
 f - a scroll of acquirement {unknown}
Potions
 d - 3 potions of might
 e - a potion of resistance {unknown}
 g - 2 potions of curing {unknown}
 h - a potion of heal wounds {unknown}


   Skills:
 + Level 3.6 Fighting
 + Level 2.8 Long Blades
 + Level 3.8 Armour
 + Level 3.6 Shields


You couldn't memorise any spells.
You didn't know any spells.
Your spell library was empty.

Dungeon Overview and Level Annotations

Branches:
Dungeon (1/15)

Altars:


Innate Abilities, Weirdness & Mutations

You have a pair of horns on your head.
You reflexively headbutt those who attack you in melee.


Message History

The quokka bites you.
You hit the quokka.
You kill the quokka!
A quokka comes into view.
The hobgoblin hits you but does no damage.
You block the hobgoblin's attack. The goblin hits you but does no damage.
You closely miss the goblin. The hobgoblin completely misses you.
The goblin hits you but does no damage. The endoplasm freezes you.
You are frozen.
Unknown command.
The goblin hits you but does no damage.
The quokka twitches its whiskers.
The endoplasm attacks as you move away! You block the endoplasm's attack.
The kobold hits you with a +0 club.
You closely miss the quokka.
The quokka bites you but does no damage.
The endoplasm hits you but does no damage.
The kobold hits you but does no damage.
The quokka bites you but does no damage.
Unknown command.
You closely miss the quokka. Your headbutt misses the quokka.
The endoplasm freezes you.
You are frozen.
The hobgoblin barely misses you. You block the kobold's attack.
The goblin hits you with a +0 club.
* * * LOW HITPOINT WARNING * * *
The quokka bites you but does no damage.
The endoplasm barely misses you. The goblin closely misses you.
The hobgoblin hits you.
* * * LOW HITPOINT WARNING * * *
The kobold hits you with a +0 club.
* * * LOW HITPOINT WARNING * * *
You hit the quokka but do no damage. You headbutt the quokka.
The quokka is lightly wounded.
The quokka bites you but does no damage.
The endoplasm freezes you.
You are frozen.
* * * LOW HITPOINT WARNING * * *
The hobgoblin hits you.
You die...

#.............#
#####
##.....##.#....
#.. #......# .#
#.# #......## #
#.........
#.########
#.....#
.#####'#### #
........r@g###.#
........gJK....#+
.........g.......
..........)......
.................
.................
.................
.........?......
................


You could see an endoplasm, a quokka, 2 hobgoblins, a goblin and a kobold.

Vanquished Creatures
  A goblin (D:1)
  A kobold (D:1)
  2 quokkas (D:1)
4 creatures vanquished.

Notes
Turn   | Place    | Note
-------+----------+-------------------------------------------
     0 | D:1      | Peloso the Minotaur Fighter began the quest for the Orb.
     0 | D:1      | Reached XP level 1. HP: 19/19 MP: 0/0
   245 | D:1      | Slain by a hobgoblin

Illustrated notes

Levels and vault maps discovered:
D:1:      minmay_arrival_diagonal_passages, layout_basic,
          shapermc_ecumenical_altar_acropolis

Action                     || total
---------------------------++-------
  Melee: Long sword        ||    12
         Headbutt          ||     2
 Armour: Scale mail        ||    13
  Dodge: Dodged            ||     8
  Block: Buckler           ||     6
